 Dungeon Crawl Stone Soup version 0.29.1-1-gd02db6906a (webtiles) character file.

Game seed: 6616356356386267027

15 xian the Trooper (level 2, 0/24 HPs)
             Began as a Demonspawn Abyssal Knight on Oct 8, 2022.
             Was a Believer of Lugonu.
             Slain by a gnoll
             ... wielding a +0 whip
              (3 damage)
             ... on level 1 of the Dungeon.
             The game lasted 00:01:28 (890 turns).

xian the Trooper (Demonspawn Abyssal Knight)         Turns: 890, Time: 00:01:28

Health: 0/24       AC:  3    Str: 13    XL:     2   Next: 34%
Magic:  4/4        EV: 11    Int: 11    God:    Lugonu [**....]
Gold:   40         SH:  4    Dex: 13    Spells: 1/1 levels left

rFire   . . .      SeeInvis .   a - +1 hand axe
rCold   . . .      Faith    .   (no shield)
rNeg    . . .      Spirit   .   b - +0 leather armour
rPois   .          Reflect  .   (no helmet)
rElec   .          Harm     .   (no cloak)
rCorr   .          Rampage  .   (no gloves)
Will    .....                   (no boots)
Stlth   +.........              (no amulet)
HPRegen 0.08/turn               (no ring)
MPRegen 0.09/turn               (no ring)

@: no status effects
A: condensation shield
a: Renounce Religion, Depart the Abyss, Bend Space


You were on level 1 of the Dungeon.
You worshipped Lugonu.
Lugonu was pleased with you.
You visited 1 branch of the dungeon, and saw 1 of its levels.
You visited the Abyss 1 time.

You collected 40 gold pieces.

Inventory:

Hand Weapons
 a - a +1 hand axe (weapon)
Missiles
 e - 2 stones
 g - 2 poisoned darts (quivered)
Armour
 b - a +0 leather armour (worn)
Jewellery
 i - a +4 ring of protection
Scrolls
 d - a scroll of immolation {unknown}
 h - a scroll of butterflies {unknown}
Potions
 c - a potion of lignification {unknown}
 f - 2 potions of haste {unknown}


   Skills:
 + Level 3.3 Fighting
 + Level 2.0 Axes
 + Level 1.9 Armour
 + Level 0.8 Dodging
 + Level 2.8 Invocations


You had one spell level left.
You didn't know any spells.
Your spell library was empty.

Dungeon Overview and Level Annotations

Branches:
Dungeon (1/15)

Altars:

Shops:
D:1 ?


Innate Abilities, Weirdness & Mutations

A meltable shield of frost defends you. (SH +4)


Message History

You hit the bat but do no damage. The bat hits you but does no damage.
You block the gnoll's attack.
You hit the gnoll.
The gnoll is heavily wounded.
The gnoll hits you with a +0 whip.
You closely miss the gnoll.
The gnoll is heavily wounded.
You closely miss the ball python. The bat hits you but does no damage.
The ball python bites you. You block the ball python's attack.
The gnoll hits you with a +0 whip. The ball python closely misses you.
The ball python barely misses you. The gnoll hits you with a +0 whip.
You barely miss the gnoll.
The gnoll is heavily wounded.
You barely miss the ball python.
A ball python comes into view.
The bat barely misses you. The ball python misses you.
You block the ball python's attack. The gnoll barely misses you.
Unknown command.
The bat hits you. The gnoll hits you but does no damage.
You block the bat's attack. The ball python bites you.
* * * LOW HITPOINT WARNING * * *
The ball python grabs you. The ball python constricts you.
* * * LOW HITPOINT WARNING * * *
You hit the bat.
You kill the bat!
Lugonu accepts your kill.
You hit the ball python. The ball python barely misses you.
The ball python constricts you.
* * * LOW HITPOINT WARNING * * *
You barely miss the gnoll.
The gnoll is heavily wounded.
You hit the ball python.
You kill the ball python!
Lugonu accepts your kill. The gnoll closely misses you.
Unknown command.
You hit the gnoll.
The gnoll is heavily wounded.
The gnoll hits you with a +0 whip.
You die...

!. .. ##.#### # ...... #.###.#.#
#.......##.# #..(...(# ####
#†g####.# ...# #.@.....# ...#
######....##.# ##.#
#......##.##.### ...#
#.####.........########
##.#######.......########⌠.....##
..................## #..≈≈≈...
...................# #.≈≈≈≈≈.#
#..................# #∩≈≈§≈≈..
#.....♣.....♣......# #.§≈≈§≈.#


You could see a gnoll.

Vanquished Creatures
  A dart slug (D:1)
  A bat (D:1)
  2 goblins (D:1)
  A hobgoblin (D:1)
  A quokka (D:1)
  3 ball pythons (D:1)
  2 kobolds (D:1)
  A rat (D:1)
12 creatures vanquished.

Notes
Turn   | Place    | Note
-------+----------+-------------------------------------------
     0 | Abyss:1  | xian the Demonspawn Abyssal Knight began the quest for the
                  | Orb.
     0 | Abyss:1  | Reached XP level 1. HP: 18/18 MP: 2/2
     1 | D:1      | Escaped the Abyss
   528 | D:1      | Gained mutation: A meltable shield of frost defends you.
                  | (SH +4) [demonic ancestry]
   528 | D:1      | Reached XP level 2. HP: 24/24 MP: 4/4
   696 | D:1      | Found Woiwoewe's Magic Scroll Boutique.
   890 | D:1      | Slain by a gnoll

Illustrated notes

Levels and vault maps discovered:
D:1:      wander_arrival_estate, layout_loops_cross, serial_shops,
          nicolae_lakefront_shop, minmay_nonomino_d4

Skill      XL: |  1  2 |
---------------+-------+-----
Axes           | 2 |  2.0
Fighting       | |  3.3
Armour         | |  1.9
Dodging        | |  0.8
Invocations    | |  2.8

Action                   || total
-------------------------++-------
Melee: Hand axe          ||    43
Throw: Dart              ||     3
Armor: Leather armour    ||    12
Dodge: Dodged            ||    22
Block: Other             ||     9
